[Event "Early-Titled-Tuesday-Blitz-January-16-2024"]
[Site "Chess.com"]
[Date "2024.01.16"]
[Round "4"]
[White "Nouali_Mohamed"]
[Black "Nuvas"]
[Result "1/2-1/2"]
[WhiteElo "2587"]
[BlackElo "2788"]
[TimeControl "180+1"]
[EndTime "8:42:35 PST"]
[Termination "Game drawn - insufficient material"]

1. e4 e5 2. Bc4 Nc6 3. Nc3 Nf6 4. d3 Bb4 5. Ne2 d5 6. exd5 Nxd5 7. O-O Nxc3 8. Nxc3 O-O 9. f4 Na5 10. fxe5 Nxc4 11.
dxc4 Bc5+ 12. Kh1 Qxd1 13. Rxd1 Bf5 14. Bf4 Rad8 15. Rd5 Be7 16. Rb5 b6 17. Nd5 Bc5 18. Nxc7 Bxc2 19. b4 Bd4 20. Rc1 Bd3 21. Rd5 Be2 22.
e6 Bf6 23. Bd6 fxe6 24. Nxe6 Rfe8 25. Nxd8 Rxd8 26. c5 bxc5 27. bxc5 Bg4 28. c6 Re8 29. c7 Bc8 30. h3 Kf7 31. Rb1 Be6 32. Rdd1 a5 33.
Rb8 Bc8 34. a4 h5 35. Kh2 h4 36. Bf4 g5 37. Bd6 Rg8 38. Kg1 Ke6 39. Kf1 Kf5 40. Bh2 Re8 41. Rb5+ Kg6 42. Rd6 Kf7 43. Rxf6+ Kxf6 44. Rxa5 Re7 45. Rc5 Re8 46. Kf2 Kg6 47.
a5 Bf5 48. Be5 Ra8 49. Rc6+ Kh7 50. a6 Bc8 51. Bd6 Rxa6 52. Rxa6 Bxa6 53. Be7 Kg6 54. Ke3 Kf5 55. Kd4 Bc8 56. Kc5 g4 57. hxg4+ Kxg4 58. Kd6 Kg3 59. Bxh4+ Kxh4 60. Ke5 Kg3 61. Kf6 Kxg2 62.
Ke7 Kf3 63. Kd8 Ba6 64. Ke7 Ke4 65. Kd8 Kd5 66. c8=Q Bxc8 1/2-1/2

[Event "Early-Titled-Tuesday-Blitz-January-16-2024"]
[Site "Chess.com"]
[Date "2024.01.16"]
[Round "4"]
[White "Bauman_Guy"]
[Black "Firouzja2003"]
[Result "0-1"]
[WhiteElo "2915"]
[BlackElo "3163"]
[TimeControl "180+1"]
[EndTime "8:42:37 PST"]
[Termination "Firouzja2003 won by resignation"]

1. e4 c5 2. Nf3 d6 3. d4 cxd4 4. Nxd4 Nf6 5. Nc3 a6 6. h3 e6 7.
g3 Nfd7 8. Bg2 Be7 9. a4 O-O 10. O-O Nc6 11. Be3 Nde5 12. b3 Qa5 13. Qd2 Bd7 14.
Rad1 Rac8 15. Nce2 Qc7 16. c4 Nxd4 17. Nxd4 Nc6 18. Nxc6 Bxc6 19. a5 f5 20. Bb6 Qd7 21. Rfe1 fxe4 22. Bxe4 e5 23. Bxc6 Qxc6 24. Qd5+ Qxd5 25.
Rxd5 Rf3 26. Be3 Kf7 27. Kg2 Rf6 28. f4 exf4 29. Bxf4 Re6 30. Red1 Rc6 31. Kf3 Ke8 32. g4 Rc5 33. Rxc5 dxc5 34. Rd5 Re1 35. Be3 Rb1 36.
Rd3 Ra1 37. Bd2 Bd8 38. Ke4 Bxa5 39. Bxa5 Rxa5 40. Kd5 Ke7 41. Re3+ Kf6 42. Rf3+ Kg6 43. h4 h5 44. g5 b5 45. Kxc5 bxc4+ 46. Kxc4 Rf5 47.
Rd3 Rf4+ 48. Kc5 Rxh4 49. Kb6 Kxg5 50. Kxa6 Rb4 51. Ka5 Rb8 52. b4 h4 53. b5 Kg4 54. b6 h3 55. Ka6 g5 56. Ka7 Rh8 57.
b7 h2 58. Rd1 Rh7 59. Kb6 Rxb7+ 60. Kxb7 Kh3 61. Kc6 g4 62. Kd5 g3 63. Ke4 g2 0-1

[Event "Early-Titled-Tuesday-Blitz-January-16-2024"]
[Site "Chess.com"]
[Date "2024.01.16"]
[Round "4"]
[White "NikaVolkov"]
[Black "Sychev_Klementy"]
[Result "1/2-1/2"]
[WhiteElo "2585"]
[BlackElo "2782"]
[TimeControl "180+1"]
[EndTime "8:42:37 PST"]
[Termination "Game drawn - insufficient material"]

1. d4 Nf6 2. c4 b6 3. Nc3 Bb7 4.
e3 e6 5. Qc2 Bb4 6. Nf3 O-O 7.
Bd3 c5 8. O-O Bxf3 9. gxf3 cxd4 10. exd4 Nc6 11. Be3 Rc8 12. Ne2 d5 13. b3 Bd6 14. a3 dxc4 15. bxc4 Na5 16. Rac1 Nxc4 17. Bxc4 b5 18. Qb3 bxc4 19. Rxc4 Rxc4 20. Qxc4 Nd5 21.
Kg2 Bxa3 22. Qa4 Bd6 23. Qxa7 Nxe3+ 24. fxe3 Qg5+ 25. Ng3 Qxe3 26. Ne4 Bb8 27. Qd7 h6 28. d5 Qf4 29. d6 Qe5 30. Rd1 f5 31. Nf2 Kh7 32.
Qe7 Rc8 33. Qb7 Rd8 34. Qb6 Qf6 35. d7 Qe7 36. h3 Be5 37. Qc6 Qg5+ 38. Kf1 Qe7 39. Rd3 Bf6 40. Nd1 e5 41. Ne3 e4 42.
Nxf5 Qf7 43. Qxe4 Kh8 44. Qd5 Qh5 45. Kg2 Qg5+ 46. Ng3 Qxd5 47. Rxd5 Kg8 48. Ne4 Be7 49. f4 Kf7 50. f5 g6 51. fxg6+ Kxg6 52. Kf3 Kf7 53. Kf4 Ke6 54. Rh5 Kxd7 55. Rxh6 Ra8 56. h4 Ra4 57. h5 Ra5 58. Rh7 Ke8 59. Ng3 Bd6+ 60. Kg4 Ra4+ 61. Kh3 Ra3 62. Rg7 Kf8 63. Rg4 Rxg3+ 64. Rxg3 Bxg3 65. Kxg3 Kg7 66. h6+ Kh7 67. Kf3 Kxh6 1/2-1/2

[Event "Early-Titled-Tuesday-Blitz-January-16-2024"]
[Site "Chess.com"]
[Date "2024.01.16"]
[Round "4"]
[White "Shield12"]
[Black "WhiteKnight2612"]
[Result "0-1"]
[WhiteElo "3003"]
[BlackElo "2877"]
[TimeControl "180+1"]
[EndTime "8:42:43 PST"]
[Termination "WhiteKnight2612 won by resignation"]

1. d4 Nf6 2. c4 e6 3. Nf3 Bb4+ 4. Bd2 Qe7 5. e3 b6 6. Bd3 Bb7 7. O-O O-O 8. Bc1 d5 9. cxd5 exd5 10. Nc3 a6 11.
Ne2 Ne4 12. b3 Nd7 13. Bb2 Bd6 14. Rc1 f5 15. Qc2 Rae8 16. Ne5 c5 17. Nxd7 Qxd7 18. dxc5 bxc5 19. Rcd1 Re6 20. f3 Rh6 21. g3 Ng5 22. Nf4 d4 23. Be2 Kh8 24. h4 Nh3+ 25. Nxh3 Bxg3 26.
Qxc5 Qe8 27. Qxd4 Rg8 28. Kg2 Bxh4 29. Nf4 Qe7 30. Rg1 Bf6 31. Qd7 Qxe3 32. Qd2 Qb6 33.
Rh1 Bg5 34. Be5 Re8 35. Qd4 Qxd4 36. Bxd4 Bxf4 37. Bc4 Rg6+ 38. Kf2 Bg3+ 39. Kg2 Be5+ 40. Kf2 Bg3+ 41. Kg2 Bh4+ 42. Kf1 Bxf3 43. Rxh4 Bxd1 44. Bf7 Ree6 45. Bxg6 Rxg6 46. Be5 h6 47. Rd4 Bg4 48. b4 Re6 49. Bd6 Kh7 50. a4 g5 51. Kf2 Re2+ 52.
Kf1 Rb2 53. Bc5 Kg6 54. Rd6+ Kh5 55. Rxa6 Be2+ 56. Ke1 Bxa6 0-1

[Event "Early-Titled-Tuesday-Blitz-January-16-2024"]
[Site "Chess.com"]
[Date "2024.01.16"]
[Round "4"]
[White "JCVanDamme10"]
[Black "lasRojas"]
[Result "1/2-1/2"]
[WhiteElo "2315"]
[BlackElo "2174"]
[TimeControl "180+1"]
[EndTime "8:42:44 PST"]
[Termination "Game drawn - insufficient material"]

1. e4 c5 2. Nf3 e6 3. d4 cxd4 4.
Nxd4 Nf6 5. Nc3 Nc6 6. Ndb5 Bc5 7. Bd3 O-O 8. a4 d5 9. exd5 exd5 10. O-O Bg4 11. Be2 Bxe2 12. Nxe2 d4 13. Bg5 a6 14. Na3 h6 15. Bh4 Re8 16. Nc1 Be7 17. Nd3 Nd5 18.
Bxe7 Qxe7 19. Nc4 b5 20. axb5 axb5 21. Rxa8 Rxa8 22. Nd2 Re8 23. Re1 Qd8 24. Rxe8+ Qxe8 25. Qf3 Ndb4 26. Qe4 Qxe4 27. Nxe4 Nxc2 28. Kf1 N2b4 29.
Ke2 Nd5 30. Nd6 b4 31. Nf5 h5 32. g3 g6 33. Nd6 Kf8 34. Nc5 Ke7 35. Nb5 Kf6 36. Kd3 Ke5 37. Nd7+ Ke6 38. Nc5+ Ke5 39. Nxd4 Nxd4 40. Nd7+ Kd6 41. Kxd4 Nc7 42. Nc5 f5 43. Kc4 Nd5 44. Nd3 g5 45. Nxb4 Nb6+ 46. Kd4 Na4 47. Nd3 h4 48. gxh4 gxh4 49. Ke3 Ke6 50.
Kf4 Kf6 51. b4 Nb6 52. b5 Nd5+ 53. Kf3 Kg5 54. Nc5 Nb6 55. Ne6+ Kf6 56. Nc7 Kg5 57. Na6 Kf6 58. Nb4 Kg5 59. Nd3 Nc4 60. Ke2 Kg4 61. Nc5 Nb6 62. Ne6 Kh3 63. Kf3 Kxh2 64. Nf4 h3 65.
Nxh3 Kxh3 66. Kf4 Kg2 67. Kxf5 Kxf2 68. Ke6 Ke3 69. Kd6 Nc4+ 70. Kc5 Kd3 71. b6 Nxb6 1/2-1/2

[Event "Early-Titled-Tuesday-Blitz-January-16-2024"]
[Site "Chess.com"]
[Date "2024.01.16"]
[Round "4"]
[White "campochess"]
[Black "ahmedkandiliii"]
[Result "1-0"]
[WhiteElo "2125"]
[BlackElo "2435"]
[TimeControl "180+1"]
[EndTime "8:42:45 PST"]
[Termination "campochess won by checkmate"]

1. e4 c6 2. d4 d5 3. exd5 cxd5 4. c4 Nf6 5. Nc3 g6 6. Bg5 Ne4 7. Be3 Nxc3 8. bxc3 Bg7 9. Nf3 O-O 10. cxd5 Qxd5 11. Be2 Bg4 12. O-O Nc6 13. h3 Bf5 14. c4 Qd7 15. d5 Ne5 16. Nxe5 Bxe5 17. Bd4 Bxd4 18. Qxd4 h5 19. Rfd1 b6 20. Rd2 Rac8 21. Rad1 Rfd8 22. Qf4 Qd6 23. Qh4 Kg7 24. Qd4+ e5 25. dxe6+ Qxd4 26. Rxd4 Rxd4 27. Rxd4 Bxe6 28. f4 Kf6 29. Kf2 Ke7 30. Ke3 Rd8 31. g4 Rxd4 32. Kxd4 hxg4 33. hxg4 Kd6 34.
Bf3 f6 35. Be2 Kc6 36. Bf3+ Kc7 37. Be4 g5 38. fxg5 fxg5 39. Bf3 Kd6 40. Be2 a5 41. Bf3 Bd7 42. Be2 Bc6 43. Bd3 Bf3 44. Bf5 Bd1 45. a3 Be2 46. Bc8 Kc7 47. Bf5 Kc6 48. Bc8 Kd6 49. Bf5 Kc7 50. Be6 Kc6 51. Bf5 b5 52. Be4+ Kb6 53. c5+ Kc7 54. Bf5 Bc4 55. a4 Bg8 56. axb5 a4 57. b6+ Kb8 58. c6 a3 59. c7+ Kb7 60. c8=Q+ Kxb6 61. Qb8+ Ka5 62. Qa7+ Kb4 63. Qc5+ Ka4 64. Bc2+ Bb3 65. Qc4+ Ka5 66. Qxb3 a2 67. Qxa2+ Kb6 68. Qc4 Kb7 69. Qc5 Ka6 70. Qb4 Ka7 71. Kc5 Ka8 72. Kc6 Ka7 73. Qb7# 1-0

[Event "Early-Titled-Tuesday-Blitz-January-16-2024"]
[Site "Chess.com"]
[Date "2024.01.16"]
[Round "4"]
[White "Aguiar94"]
[Black "KorolDimitriy75"]
[Result "1-0"]
[WhiteElo "2528"]
[BlackElo "2343"]
[TimeControl "180+1"]
[EndTime "8:42:46 PST"]
[Termination "Aguiar94 won on time"]

1. e4 c5 2. Nf3 d6 3. d4 cxd4 4. Qxd4 a6 5. Be2 Nc6 6. Qe3 g6 7.
O-O Bg7 8. c4 Nf6 9. h3 O-O 10. Rd1 Nd7 11. Nc3 Nc5 12. Rb1 a5 13. Nd5 Be6 14. b3 Bxd5 15. exd5 Ne5 16. Nd4 Re8 17.
Bb2 Qb6 18. Nb5 Rac8 19. Bd4 Ned7 20. a3 Bxd4 21. Rxd4 a4 22. bxa4 Nxa4 23. Bg4 Nac5 24. Rf4 Ra8 25. Re1 Nf6 26. Bd1 Qa5 27. Rf1 Rac8 28. Qd4 Ncd7 29. Be2 Qb6 30. Qb2 Ne5 31.
Re1 Qc5 32. Bf1 Ra8 33. Re3 Rac8 34. Be2 Ra8 35. Qd2 Rac8 36. Rd4 Qb6 37. Qb2 Ra8 38. f4 Ned7 39. Kf2 Qc5 40. Qb4 Rac8 41. Kf3 Kf8 42. g4 Nb6 43. Qb2 Nbd7 44. Qd2 Nb6 45. g5 Nfd7 46.
Kg3 Kg8 47. Rc3 Nf8 48. Bg4 Rcd8 49. h4 Ra8 50. Qb2 Rab8 51. Qb4 Ra8 52. Qxc5 dxc5 53. Re4 Na4 54. Rce3 Rab8 55. Rxe7 Rxe7 56. Rxe7 Nb2 57.
Re4 Ra8 58. d6 Rd8 59. Kf2 Nd7 60. Bxd7 Rxd7 61. Ke3 Kf8 62. Kd2 1-0

[Event "Early-Titled-Tuesday-Blitz-January-16-2024"]
[Site "Chess.com"]
[Date "2024.01.16"]
[Round "4"]
[White "Grandelicious"]
[Black "Sanyura"]
[Result "1/2-1/2"]
[WhiteElo "2931"]
[BlackElo "2621"]
[TimeControl "180+1"]
[EndTime "8:42:47 PST"]
[Termination "Game drawn - insufficient material"]

1. g3 d5 2. Nf3 g6 3. c4 dxc4 4. Na3 Bg7 5. Nxc4 Nf6 6. Bg2 O-O 7. O-O c5 8. b3 Nc6 9. Bb2 Be6 10. Rc1 Rc8 11.
d3 b5 12. Ncd2 Qb6 13. Ng5 Bf5 14. Ba1 Rfd8 15. Nge4 Nxe4 16. Nxe4 Bxa1 17. Rxa1 Bxe4 18. Bxe4 c4 19. bxc4 bxc4 20. Qb1 cxd3 21. Qxb6 axb6 22. Bxd3 Nb4 23. Be4 Rd4 24. Bf3 Rd2 25. a3 Nc2 26. Ra2 Rc3 27. Rb2 f5 28. h4 Rxa3 29. Rxb6 Nd4 30.
Bd5+ Kg7 31. Kg2 Rxe2 32. Rb7 Ra5 33. Rd7 Nb5 34. Bc4 Re5 35. Rb1 Nd6 36. Bf1 Ra8 37.
Rb6 Kf6 38. Rc7 h6 39. Rbc6 g5 40. hxg5+ hxg5 41. Rb6 Ra2 42. Rbc6 Rd5 43. Rc2 Rxc2 44. Rxc2 Ne4 45. Rc6+ Kg7 46. Rc2 Rd2 47. Rxd2 Nxd2 48. Bd3 Kf6 49. Ba6 Nb3 50. Bb7 Nc5 51. Ba8 e6 52. Bc6 e5 53. Ba8 e4 54. Bc6 Ke5 55. Kf1 Ne6 56. Ba8 Nd4 57. Bb7 Nf3 58. Ke2 f4 59.
gxf4+ Kxf4 60. Kf1 Nd2+ 61. Ke2 Nc4 62. Ba8 Ne5 63.
Bb7 g4 64. Ba8 Nf3 65. Bb7 Nd4+ 66. Kf1 Kf3 67. Ba6 Ne6 68. Be2+ Kf4 69. Ba6 Nd4 70.
Bc4 Nf5 71. Kg2 e3 72. Ba6 Nh4+ 73. Kf1 g3 74. fxg3+ Kxg3 75. Ke2 Kf4 76. Bb5 Nf3 77. Ba6 Nd4+ 78. Ke1 Kf3 79. Kf1 e2+ 80. Bxe2+ 1/2-1/2

[Event "Early-Titled-Tuesday-Blitz-January-16-2024"]
[Site "Chess.com"]
[Date "2024.01.16"]
[Round "4"]
[White "R2D2PTY"]
[Black "Herman-NY"]
[Result "0-1"]
[WhiteElo "2229"]
[BlackElo "2487"]
[TimeControl "180+1"]
[EndTime "8:42:47 PST"]
[Termination "Herman-NY won by resignation"]

1. e4 c5 2. Nc3 a6 3. d4 cxd4 4.
Qxd4 Nc6 5. Qe3 g6 6. b3 Bg7 7. Bb2 Qa5 8. O-O-O Nf6 9. Kb1 O-O 10. f4 d6 11. h4 Bg4 12. Be2 Rfc8 13. Nd5 Bxe2 14. Nxe2 Ng4 15. Qb6 Bxb2 16. Kxb2 Qxb6 17. Nxb6 Nf2 18.
Nxa8 Nxd1+ 19. Rxd1 Rxa8 20. Nc3 Kf8 21. Nd5 Rd8 22. c4 e6 23. Nf6 Ke7 24. Ng4 h5 25. Ne3 f5 26. exf5 gxf5 27. Re1 Rg8 28. Nxf5+ Kd7 29.
Ne3 Rg3 30. Re2 Nd4 31. Re1 b5 32. cxb5 axb5 33. Kc3 Nc6 34. Kd2 b4 35. Re2 Nd4 36. Rf2 Ke7 37. f5 e5 38. Nd5+ Kf7 39. Ne3 Rg8 40. Nc4 Ke7 41. f6+ Ke6 42. Ke3 Rf8 43. Nd2 d5 44. Nf3 Nc6 45. Ng5+ Kd6 46. f7 Nd8 47. Nh7 Rxf7 48. Rc2 Rxh7 49. Rf2 Rd7 50. Rc2 Ne6 51. Rf2 Nc5 52. Rf6+ Ne6 53. Rh6 Rc7 54.
Rxh5 Rc3+ 55. Kd2 Rg3 56. Rh6 Rxg2+ 57. Ke3 Rg3+ 58. Kf2 Rh3 59. Kg2 Rc3 60. Rf6 Ke7 61.
Rh6 Nf4+ 62. Kf2 Rh3 63. Rb6 d4 64. Rb7+ Ke6 65. Rb6+ Kf5 66. Rb8 Ke4 67. Rf8 Rf3+ 68. Ke1 Nd3+ 69. Ke2 Rxf8 0-1

[Event "Early-Titled-Tuesday-Blitz-January-16-2024"]
[Site "Chess.com"]
[Date "2024.01.16"]
[Round "4"]
[White "JimDiGrease"]
[Black "Kirill_Klukin"]
[Result "0-1"]
[WhiteElo "2992"]
[BlackElo "2869"]
[TimeControl "180+1"]
[EndTime "8:42:48 PST"]
[Termination "Kirill_Klukin won by resignation"]

1. d4 Nf6 2. c4 Nc6 3. Nc3 e6 4. e4 Bb4 5. e5 Ne4 6. Qd3 d5 7. Nf3 O-O 8. Be2 b6 9. O-O Bxc3 10. bxc3 Ba6 11. Qc2 Na5 12. Re1 Bxc4 13. Bd1 c5 14. Be3 Rc8 15. Qb2 Ba6 16. Bc2 Nc4 17. Qb3 Nxe3 18.
Rxe3 cxd4 19. cxd4 Qc7 20. Bxe4 dxe4 21. Rxe4 Bb7 22.
Re3 Bd5 23. Qa3 Qb7 24. h4 Rc4 25. Rae1 Rfc8 26. R1e2 Qd7 27. Qd3 h6 28. Nh2 Rc1+ 29.
Re1 Qa4 30. Ng4 Rxe1+ 31. Rxe1 Qc2 32. Qg3 Kf8 33. Re3 Qb1+ 34. Kh2 Rc1 35. Qf4 Qf5 36. Kg3 Rc4 37. Qxf5 exf5 38. Nh2 Rxd4 39. Ra3 a5 40.
Rc3 Rc4 41. Rd3 Be6 42. f4 Ke7 43. Nf3 Ra4 44. Rc3 Rxa2 45. Rc7+ Kd8 46. Rb7 Rb2 47. Nd4 Kc8 48. Re7 Bd5 49. Nxf5 Rxg2+ 50. Kh3 Rc2 51.
Nd6+ Kb8 52. Nxf7 a4 53. Nd6 a3 54. Re8+ Ka7 55. Re7+ Ka6 56. Rxg7 a2 57. Rg1 Rb2 58.
Ra1 Rb1 59. Rxa2+ Bxa2 60. Kg4 Rg1+ 61. Kf5 b5 62. e6 Re1 63. Ne4 Bxe6+ 64. Kxe6 Rxe4+ 65. Kf5 Re1 66. Kg6 b4 67. f5 b3 68. f6 b2 69. f7 Rf1 70. f8=Q Rxf8 0-1

[Event "Early-Titled-Tuesday-Blitz-January-16-2024"]
[Site "Chess.com"]
[Date "2024.01.16"]
[Round "4"]
[White "dcremisi"]
[Black "klimkoj"]
[Result "0-1"]
[WhiteElo "2678"]
[BlackElo "2874"]
[TimeControl "180+1"]
[EndTime "8:42:48 PST"]
[Termination "klimkoj won by resignation"]

1. d4 Nf6 2. Nf3 e6 3. c4 b6 4. g3 Bb7 5. Bg2 Bb4+ 6. Bd2 Be7 7. O-O c5 8. Nc3 O-O 9. Re1 cxd4 10. Nxd4 Bxg2 11. Kxg2 Qc8 12. b3 Nc6 13. Nxc6 dxc6 14. Qc2 e5 15. Ne4 Ne8 16. Bg5 f6 17. Be3 Qe6 18. f4 f5 19. Nf2 e4 20. Rad1 Bb4 21. Rf1 Nf6 22. Bd4 Rad8 23. Bxf6 Qxf6 24. Rxd8 Rxd8 25. Rd1 Rd4 26. e3 Rxd1 27. Qxd1 Qd6 28. Qxd6 Bxd6 29. g4 g6 30. gxf5 gxf5 31. Nh1 Kg7 32.
Ng3 Kg6 33. Kf2 Bb4 34. Ke2 Bc3 35. h3 Bf6 36. Kf2 Bh4 37. Kg2 Kf6 38. Ne2 c5 39. Nc3 Be1 40. Nb5 a6 41. Nc7 Ke7 42. Nxa6 Kd7 43. Kf1 Bc3 44. a3 Bb2 45. b4 Bxa3 46. b5 Bb2 47. Ke2 Bf6 48. Kf2 Be7 49. Ke2 Bd6 50.
Kf2 Ke7 51. Kg2 Kf6 52. Kg3 Kg6 53. Kg2 Kh5 54. Kg3 Kh6 55. Kg2 Kg6 56. Kg3 Kh5 57. Kg2 Kh4 58. Kh2 h6 59. Kg2 h5 60. Kh2 Bxf4+ 61.
exf4 e3 62. Kg2 e2 63. Kf2 Kxh3 64. Nc7 e1=Q+ 65. Kxe1 Kg2 66. Nd5 h4 67. Ne3+ Kf3 68. Nxf5 h3 69. Nh4+ Kg4 70. Ng2 hxg2 71. Kf2 Kxf4 72.
Kxg2 Ke4 0-1

[Event "Early-Titled-Tuesday-Blitz-January-16-2024"]
[Site "Chess.com"]
[Date "2024.01.16"]
[Round "4"]
[White "Rsnr"]
[Black "FormerProdigy"]
[Result "1/2-1/2"]
[WhiteElo "2871"]
[BlackElo "3012"]
[TimeControl "180+1"]
[EndTime "8:42:49 PST"]
[Termination "Game drawn - insufficient material"]

1. d4 Nf6 2. c4 e6 3. Nf3 d5 4.
g3 Be7 5. Bg2 O-O 6. O-O dxc4 7.
Qc2 a6 8. a4 Bd7 9. Rd1 Bc6 10.
Bg5 b5 11. Bxf6 Bxf6 12. Nc3 Qe8 13. d5 exd5 14. Nd4 Bxd4 15. Rxd4 Nd7 16. Nxd5 Bxd5 17. Bxd5 Rd8 18. axb5 axb5 19. Bc6 Qe6 20. Bxb5 Ne5 21.
Bxc4 Nxc4 22. Rxc4 Rd2 23. Qxd2 Qxc4 24. Rc1 Qe4 25. Rxc7 h5 26. h4 Ra8 27. Rc1 Re8 28. Qc2 Qxe2 29. Qxe2 Rxe2 30. Rb1 Re5 31. b4 Rb5 32.
Kg2 f6 33. Kf3 Kf7 34. Ke4 Ke7 35. Kd4 Kd7 36. Kc4 Rf5 37. Rb2 g5 38. hxg5 fxg5 39.
Kd4 Rf3 40. Ke4 g4 41. Kd5 Kc7 42. b5 Kb6 43. Ke6 Rf8 44. Ke5 Rf7 45. Kd4 Re7 46. Kc4 Rc7+ 47. Kd3 Re7 48. Kd4 Rf7 49. Kc4 Rd7 50. Re2 Rc7+ 51. Kb4 Rf7 52. Re6+ Kb7 53. Re2 Kb6 54. Re6+ Kb7 55. Ka5 Rxf2 56. Re7+ Kc8 57. Ka6 Ra2+ 58. Kb6 Ra3 59. Re8+ Kd7 60. Rh8 Rxg3 61. Rxh5 Rc3 62. Rg5 g3 63. Kb7 Ke6 64. b6 Kf6 65. Rg8 Kf5 66. Ka8 Ra3+ 67. Kb8 Kf4 68.
b7 Rb3 69. Kc7 Kf3 70. Rxg3+ Kxg3 71. b8=Q Rxb8 72. Kxb8 1/2-1/2

[Event "Early-Titled-Tuesday-Blitz-January-16-2024"]
[Site "Chess.com"]
[Date "2024.01.16"]
[Round "4"]
[White "hongnhung1234"]
[Black "NinoMaisuradze"]
[Result "0-1"]
[WhiteElo "2569"]
[BlackElo "2315"]
[TimeControl "180+1"]
[EndTime "8:42:51 PST"]
[Termination "NinoMaisuradze won by resignation"]

1. e4 e5 2. Nf3 Nc6 3. d4 exd4 4. Nxd4 Bc5 5. Be3 Qe7 6. Nf5 Qxe4 7. Nxg7+ Kf8 8. Bd3 Qxg2 9. Bxc5+ Kxg7 10. Kd2 Qg5+ 11.
Be3 Qa5+ 12. Nc3 d6 13. Qf3 Be6 14. a3 Kf8 15. Qg3 Ke8 16. Qg7 Qe5 17. Qg2 Nge7 18. Rae1 Qh5 19. Kc1 Kd7 20. Qe4 Bf5 21. Qc4 Bxd3 22.
Qxd3 Qf5 23. Qc4 Rhg8 24. Kb1 a6 25. Rd1 Rae8 26. Qb3 Kc8 27. Ne2 Qe6 28. Qc3 Nd5 29. Qd2 Nxe3 30. fxe3 Qxe3 31. Qxe3 Rxe3 32. Nf4 Rg4 33. Nd5 Re2 34. h3 Rgg2 35. Rc1 Rgf2 36. Rhg1 Rg2 37. Rgf1 Ref2 38. Rfe1 Ne5 39. Ne7+ Kd7 40.
Nd5 f5 41. Nf6+ Ke6 42. Nxh7 Rg7 43. Nf8+ Ke7 44. Rf1 Rxf1 45. Rxf1 Kxf8 46. Rxf5+ Rf7 47. Rh5 Kg7 48. Ka2 Rf8 49. c3 Kg6 50. Rh4 Kg5 51.
Rb4 b5 52. Re4 Rf4 53. Re3 c5 54. Rg3+ Kf6 55. Rg8 Ke6 56. Ra8 b4 57. Rxa6 bxc3 58. bxc3 Rf3 59. Kb3 Rxh3 60. a4 Kd5 61. a5 c4+ 62.
Kb4 Nc6+ 63. Kb5 Rxc3 64. Ra8 Rb3+ 65. Ka4 Rb4+ 66. Ka3 c3 67. Rh8 Rc4 68. Rh5+ Kd4 69. a6 c2 70. Rh4+ Kc5 71. Rxc4+ Kxc4 72. Kb2 Kd3 73.
Kc1 Na7 74. Kb2 Kd2 75. Ka2 c1=Q 0-1

[Event "Early-Titled-Tuesday-Blitz-January-16-2024"]
[Site "Chess.com"]
[Date "2024.01.16"]
[Round "4"]
[White "Mops_2004"]
[Black "Levanzovsky"]
[Result "1-0"]
[WhiteElo "2675"]
[BlackElo "2469"]
[TimeControl "180+1"]
[EndTime "8:42:55 PST"]
[Termination "Mops_2004 won by resignation"]

1. Nf3 c5 2. c4 Nf6 3. Nc3 Nc6 4. d4 cxd4 5. Nxd4 g6 6. e4 d6 7. Be2 Nxd4 8. Qxd4 Bg7 9. Be3 O-O 10. Qd3 Qa5 11. O-O Be6 12. Bd4 Rfc8 13. b3 a6 14. f4 b5 15. cxb5 axb5 16. Nxb5 Bd7 17. a4 Qb4 18. e5 Bf5 19. Qf3 Ne4 20. Qe3 dxe5 21. Bxe5 Bxe5 22. fxe5 Nd2 23. Rf4 Qc5 24. Qxc5 Rxc5 25.
Nd4 Rxe5 26. Rd1 Nxb3 27. Nxf5 gxf5 28. Bc4 Rxa4 29. Bxf7+ Kxf7 30. Rxa4 Nc5 31. Ra5 Kf6 32. Rb1 Ne4 33. Rb6+ e6 34. Ra7 Rd5 35. Rb1 h5 36. Raa1 Rd2 37. Rd1 Rc2 38. Rac1 Re2 39. Re1 Rb2 40. Rc4 h4 41. Rc8 Ke5 42. Rh8 Kf4 43. Rxh4+ Kg5 44. Rhxe4 fxe4 45. Rxe4 Kf5 46. Re1 e5 47. Rf1+ Kg5 48. g3 e4 49. Rf2 Rb1+ 50. Kg2 Rb6 51. h4+ Kg6 52. Rf4 Rb2+ 53. Kh3 e3 54.
Re4 e2 55. g4 Rb3+ 56. Kg2 Rb2 57. Kf3 Rb3+ 58. Kxe2 Rh3 59. g5 Kf5 60. Rc4 Ra3 61.
Kf2 Rb3 62. Kg2 Ra3 63. Rc5+ Kg4 64. Rc4+ Kf5 65. Rc8 Kg4 66. Rh8 Ra2+ 67. Kf1 Ra1+ 68. Ke2 Ra2+ 69. Kd3 Rf2 70. g6 Rf3+ 71. Ke4 Rf4+ 72.
Ke5 1-0

[Event "Early-Titled-Tuesday-Blitz-January-16-2024"]
[Site "Chess.com"]
[Date "2024.01.16"]
[Round "4"]
[White "supereagles1201"]
[Black "Vesper2018"]
[Result "0-1"]
[WhiteElo "2364"]
[BlackElo "2552"]
[TimeControl "180+1"]
[EndTime "8:42:56 PST"]
[Termination "Vesper2018 won on time"]

1. d4 Nf6 2. Bg5 d5 3. e3 g6 4. Bxf6 exf6 5. c4 dxc4 6. Bxc4 Bd6 7. Nc3 c6 8. Nf3 O-O 9. h4 h5 10. Qc2 Kg7 11. Bd3 Re8 12. O-O-O Nd7 13. Ne4 Nb6 14. Nxd6 Qxd6 15. Kb1 Nd5 16. a3 Bd7 17. Nd2 f5 18. Nc4 Qe7 19. Ne5 Rac8 20. Bc4 f6 21. Nxd7 Qxd7 22.
Rc1 Qd6 23. g3 Nc7 24. Bb3 Ne6 25. Qc4 Re7 26. Rc2 c5 27. dxc5 Rxc5 28. Qb4 a5 29.
Qd2 Qb6 30. Ba2 Rec7 31. Rhc1 Rxc2 32. Rxc2 Rxc2 33. Qxc2 Kf7 34. Qc4 Ke7 35. Qxe6+ Qxe6 36. Bxe6 Kxe6 37. Kc2 Kd5 38. f3 a4 39. b3 axb3+ 40.
Kxb3 g5 41. Kc3 Ke5 42. Kd3 b5 43. e4 g4 44. f4+ Ke6 45. Kd4 fxe4 46. Kxe4 f5+ 47.
Kd4 Kd6 48. Kd3 Kd5 49. Kc3 Ke4 50. Kb4 Kf3 51. Kxb5 Kxg3 52. a4 Kxh4 53. a5 g3 54. a6 g2 55. a7 g1=Q 56. a8=Q Qf1+ 57. Kb4 Qxf4+ 58. Kc5 Qe5+ 59. Kb6 Qd4+ 60. Kb5 Qe4 61. Qd8+ Kg4 62. Qg8+ Kf3 63. Qh7 Qg4 64. Qb7+ Kf2 65. Qd7 f4 66. Qd4+ Kg2 67. Qd2+ Kh3 68. Qd3+ f3 69.
Qf1+ Qg2 70. Qd3 h4 71. Qf5+ Qg4 72. Qd3 Qg5+ 73. Kb4 Qf4+ 74. Kb3 Kg2 0-1

[Event "Early-Titled-Tuesday-Blitz-January-16-2024"]
[Site "Chess.com"]
[Date "2024.01.16"]
[Round "4"]
[White "artin10862"]
[Black "DenLaz"]
[Result "1/2-1/2"]
[WhiteElo "2905"]
[BlackElo "3086"]
[TimeControl "180+1"]
[EndTime "8:42:58 PST"]
[Termination "Game drawn - insufficient material"]

1. d4 f5 2. Nc3 Nf6 3. Bg5 d5 4. Bxf6 exf6 5. e3 Be6 6. Bd3 Qd7 7. h4 Nc6 8. h5 O-O-O 9. Nge2 Kb8 10. Nf4 Bf7 11.
Qf3 Nb4 12. O-O-O Nxd3+ 13. Nxd3 c6 14. Kb1 Bd6 15. Rh4 Rhe8 16. Ne2 a6 17. Ng3 g6 18.
hxg6 hxg6 19. Rdh1 Ka7 20. Rh7 Re7 21. Ne2 Rf8 22. R7h6 Be8 23. Nef4 Rg7 24. Nc5 Bxc5 25.
dxc5 Qe7 26. Qd1 Bf7 27. Qd4 g5 28. Ne2 Bg6 29. Nc3 Qe5 30. Qb4 f4 31. exf4 gxf4 32. Rh8 Rgg8 33. Rxg8 Rxg8 34. Na4 Qe4 35. Qxe4 Bxe4 36.
f3 Rxg2 37. fxe4 f3 38. Nc3 f2 39. Ne2 dxe4 40. Rf1 f5 41. Kc1 f4 42. Kd2 e3+ 43.
Kd3 f3 44. Kxe3 fxe2 45. Kxe2 Rg5 46. Rxf2 Rxc5 47. Kd2 Kb6 48. Rf3 Rd5+ 49. Rd3 Rh5 50. Kc3 a5 51. a4 Kc5 52. Kb3 Rh4 53. Rc3+ Kd5 54. Rf3 Rb4+ 55. Ka3 Kc5 56. Rf5+ Kb6 57.
Rf3 Rh4 58. Rb3+ Kc7 59. Rc3 Rh1 60. Ka2 Rh4 61. Ka3 Kd6 62. Rd3+ Kc5 63. Rc3+ Rc4 64.
Kb3 Rxc3+ 65. Kxc3 b6 66. b3 b5 67. axb5 cxb5 68. b4+ Kb6 69. bxa5+ Kxa5 70. Kb3 Kb6 71. Kb4 Kc6 72. c3 Kb6 73. c4 bxc4 74. Kxc4 1/2-1/2

[Event "Early-Titled-Tuesday-Blitz-January-16-2024"]
[Site "Chess.com"]
[Date "2024.01.16"]
[Round "4"]
[White "SpongeBob_03"]
[Black "Yurasova_Daria"]
[Result "0-1"]
[WhiteElo "2199"]
[BlackElo "2465"]
[TimeControl "180+1"]
[EndTime "8:43:04 PST"]
[Termination "Yurasova_Daria won by checkmate"]

1. e4 e5 2. Nf3 Nc6 3. Bc4 Bc5 4. c3 Nf6 5. d3 d6 6. O-O a6 7. Bb3 h6 8. h3 Ba7 9. Nbd2 g5 10. g4 Nxg4 11.
hxg4 Bxg4 12. Re1 Qf6 13. Kg2 h5 14. Nf1 h4 15. N1h2 Bh5 16. Bxg5 Qg6 17. Rg1 f6 18. Kh1 fxg5 19. Rxg5 Qxg5 20. Nxg5 Bxd1 21. Rxd1 Na5 22.
Be6 Ke7 23. d4 exd4 24. cxd4 Raf8 25. Bf5 Nc6 26. Ne6 Rf6 27. Nxc7 Bxd4 28. Nd5+ Kf7 29.
Nxf6 Kxf6 30. Ng4+ Ke7 31. f4 b5 32. Rd2 Rf8 33. Kh2 Bc5 34. Kh3 Nd4 35. Kxh4 Nf3+ 36. Kh5 Nxd2 37. Kg6 Rg8+ 38. Kh7 Rxg4 39. Bxg4 Nxe4 40.
Bf5 Nf6+ 41. Kg6 Bd4 42. b3 Be3 43. Kg5 Nd5 44. Be4 Nxf4 45. Kf5 Ne6 46. Bd5 Nc5 47. a3 Bc1 48. a4 bxa4 49. bxa4 Nxa4 50. Bc6 Nc5 51. Bd5 a5 52. Ba2 a4 53. Kg4 a3 54.
Kf3 Bb2 55. Ke2 Na4 56. Kd3 Nc3 57. Bc4 a2 58. Bxa2 Nxa2 59. Kc2 Be5 60. Kb3 Nc3 61. Kc4 Ke6 62. Kd3 d5 63. Kd2 Kd6 64. Ke3 Kc5 65. Kd3 d4 66. Kc2 Kc4 67. Kc1 Bf4+ 68.
Kc2 d3+ 69. Kb2 d2 70. Ka3 d1=Q 71. Kb2 Qb3+ 72. Ka1 Qb1# 0-1